AoeStats
← Elgato8153

Golden Pit

509286336Analyzed
1v1 RM · 6d ago on Sep 26, 2026· 15m 53s· 2 players
Game mode
Random Map
Map size
Tiny (2 player)
Population
200
Speed
Normal
Resources
Standard
Victory
Conquest
Starting age
Dark Age
Ending age
Imperial Age
RankedLock teamsTeams togetherTeam positionsShared explorationLock speedFull tech treeHidden civsTurbo modeCheats
Victory
Defeat
🇨🇳 Aztecs · China
949
+15
🇪🇸 Franks · Spain
927
-15
Elgato8153
4:37 Loom
9:23 Feudal Age
11:46 Double-Bit Axe
nieson
7:55 Loom
9:41 Feudal Age
10:15 Double-Bit Axe
10:56 Loom
11:12 Man-at-Arms
13:20 Horse Collar
16:36 Forging
Connection lost

Rejoining the realm…

Still unreachable

The connection could not be restored.

Session expired

The server has moved on; the page needs a fresh start.